 Dungeon Crawl Stone Soup version 0.32-a0-871-ge202e49faa (webtiles) character file.

Game seed: 15180865427740605117

2385 Autsider the Caller (level 9, -3/53 (57) HPs)
             Began as an Octopode Summoner on Mar 29, 2024.
             Slain by a wight
             ... wielding a +4 trident of freezing
              (5 damage)
             ... on level 7 of the Dungeon.
             The game lasted 00:22:08 (4989 turns).

Autsider the Caller (Octopode Summoner)             Turns: 4989, Time: 00:22:09

HP:   -3/53 (57)    AC:  1    Str:  7    XL:     9   Next: 45%
MP:   15/18         EV: 13    Int: 22    God:
Gold: 344           SH:  5    Dex: 12    Spells: 6/20 levels left

rFire   . . .        x - +2 dagger (venom)
rCold   . . .        (no shield)
rNeg    . . .        (helmet restricted)
rPois   .            j - amulet of reflection
rElec   .            n - ring of willpower
rCorr   +            A - ring of resist corrosion
SInv    +            C - ring of see invisible
Will    +....        (no ring)
Stlth   ++++         (no ring)
HPRegen 0.28/turn    (no ring)
MPRegen 0.16/turn    (no ring)
                     (no ring)

%: reflection
@: drained
A: almost no armour, amphibious, 8 rings, camouflage 1, gelatinous body 1,
(nimble swimmer 1), tentacles
a: no special abilities


You were on level 7 of the Dungeon.
You visited 2 branches of the dungeon, and saw 8 of its levels.

You collected 344 gold pieces.

Inventory:

Hand Weapons
 g - a +2 hand axe of venom
 l - a +1 whip of draining
 x - a +2 dagger of venom (weapon)
 y - a +2 whip of venom
 z - a +0 rapier of speed
 F - a +3 vampiric dagger
 G - a +2 flail of draining
Magical Staves
 k - a staff of fire
Jewellery
 j - an amulet of reflection (around mantle)
 n - a ring of willpower (left tentacle)
 u - a ring of ice
 A - a ring of resist corrosion (right tentacle)
 C - a ring of see invisible (on tentacle)
Wands
 o - a wand of roots (15)
Scrolls
 b - a scroll of acquirement {unknown}
 d - a scroll of revelation {unknown}
 e - 8 scrolls of identify {unknown}
 h - a scroll of immolation {unknown}
 i - 3 scrolls of blinking {unknown}
 m - 5 scrolls of teleportation {unknown}
 r - a scroll of fog {unknown}
 B - a scroll of enchant armour {unknown}
Potions
 a - a potion of magic
 c - 2 potions of resistance {unknown}
 f - a potion of haste {unknown}
 p - 2 potions of cancellation {unknown}
 q - 2 potions of heal wounds
 s - a potion of berserk rage {unknown}
 t - 2 potions of mutation {unknown}
 v - 2 potions of attraction {unknown}
 w - a potion of ambrosia {unknown}
 D - a potion of enlightenment {unknown}
 E - a potion of lignification {unknown}


   Skills:
 + Level 3.2 Fighting
 + Level 3.9 Dodging
 + Level 5.5 Stealth
 + Level 6.0 Spellcasting
 + Level 7.4 Summonings
 - Level 5.0 Fire Magic
 + Level 3.0 Air Magic


You had 6 spell levels left.
You knew the following spells:

 Your Spells              Type           Power      Damage    Failure   Level
a - Call Canine Familiar  Summ           39%        N/A       1%          3
b - Call Imp              Summ           78%        N/A       1%          2
c - Summon Small Mammal   Summ           100%       N/A       1%          1
d - Summon Blazeheart Go  Fire/Summ      34%        N/A       7%          4
e - Summon Lightning Spi  Summ/Air       29%        N/A       11%         4

Your spell library contained the following spells:

 Spells                   Type           Power      Damage    Failure   Level
 Foxfire                  Conj/Fire      68%        2x1d7     3%          1
 Summon Ice Beast         Ice/Summ       23%        N/A       6%          3
 Magic Dart               Conj           24%        1d4       9%          1
 Inner Flame              Hex/Fire       17%        N/A       10%         3
 Blink                    Tloc           12%        N/A       14%         2
 Hailstorm                Conj/Ice       6%         3d5       26%         3
 Flame Wave               Conj/Fire      17%        2d7       32%         4
 Sticky Flame             Fire/Alch      17%        2d5       32%         4
 Plasma Beam              Fire/Air       12%        2x1d23    95%         6
 Starburst                Conj/Fire      8%         6d4       99%         6
 Permafrost Eruption      Ice/Erth       3%         2x4d2     100%        6
 Sculpt Simulacrum        Ice/Alch       3%         N/A       100%        6


Dungeon Overview and Level Annotations

Branches:
Dungeon (7/15)             Temple (1/1) D:4

Altars:
Ashenzari
Dithmenos
Elyvilon
Fedhas
Hepliaklqana
Makhleb
Okawaru
Qazlal
Ru
Sif Muna
Uskayaw
Wu Jian
Yredelemnul
Zin
The Shining One

Shops:
D:4 !

Annotations:
D:6 3 runed translucent doors


Innate Abilities, Weirdness & Mutations

You cannot wear most types of armour.
You are amphibious.
You can wear up to eight rings at the same time.
Your skin changes colour to match your surroundings (Stealth+).
Your rubbery body absorbs attacks. (AC +1, EV +1)
((You are camouflaged when in or above water. (Stealth+)))
You have tentacles for arms and can constrict up to eight enemies at once.


Message History

a +0 hand axe; a +0 ring mail You start resting.
You hear the faint creaking of a portcullis nearby.
You start resting.
A wight comes into view. It is wielding a +0 great sword.
You now have 344 gold pieces (gained 11).
Items here: )) [[.
Okay, then.
Okay, then.
You start resting.
You hear the creaking of a portcullis very nearby.
You start resting.
Magic restored.
A wight comes into view.
It is wielding a +4 trident of freezing.
The wight moves out of view.
Casting: Summon Blazeheart Golem (dangerous; 7% risk of failure)
Confirm with . or Enter, or press ? or * to list all spells.
A fiery spirit appears, bound in slag iron.
Things that are here:
a +0 hand axe; a +0 ring mail The wight misses you.
The wight hits your blazeheart golem with a +4 trident of freezing!
The wight freezes your blazeheart golem.
Things that are here:
a +0 hand axe; a +0 ring mail Your blazeheart golem punches the wight but does no damage.
The wight barely misses you.
The wight hits you from afar with a +4 trident of freezing!
The wight freezes you. You block the wight's attack.
The wight hits you with a +0 great sword!
* * * LOW HITPOINT WARNING * * *
You feel drained.
* * * LOW HITPOINT WARNING * * *
Your blazeheart golem closely misses the wight.
The wight hits you from afar with a +4 trident of freezing!
* * * LOW HITPOINT WARNING * * *
You feel drained.
* * * LOW HITPOINT WARNING * * *
The wight freezes you.
You die...

#z##.# #.##.##
####z#...###
#..........#
#.####.<.#.##. #.#
###.##.... #)#
#.z...#
###.###9....##
#####)...)@z.....#
#....)#.###......#
#.#####.# #......#
#.# #.# ###.##.#
#.# #.# .#...# #.#
#.# ##.# #)# #.# #
#z### #.# #...#
#.#


You could see 2 wights and a friendly blazeheart golem (summoned).

Vanquished Creatures
  Edmund (D:6)
  Duvessa (D:4)
  2 ice beasts
  A sky beast (D:6)
  A scorpion (D:6)
  4 wights (D:7)
  A hound (D:7)
  An iguana (D:5)
  An adder (D:4)
  A shadow imp (D:6)
  An ufetubus (D:7)
  A dart slug (D:4)
  4 orcs
  3 endoplasms
  3 giant cockroaches
  3 goblins (D:3)
  8 hobgoblins
  3 jackals (D:4)
  4 ball pythons (D:3)
  6 bats
  3 kobolds
  3 rats
56 creatures vanquished.

Vanquished Creatures (collateral kills)
  Grinder (D:3)
  Sigmund (D:3)
  Eustachio (D:5)
  A steam dragon (D:6)
  A nameless horror (D:5)
  An ice beast (D:5)
  An ogre (D:4)
  2 wights (D:7)
  Dowan (D:4)
  A bombardier beetle (D:6)
  A jelly (D:6)
  2 orc priests (D:5)
  2 hounds (D:5)
  Jessica (D:3)
  Natasha (twice) (D:3)
  4 orc wizards
  2 sleepcaps
  2 iguanas
  4 adders
  An ufetubus (D:7)
  2 dart slugs
  9 orcs
  4 endoplasms
  A giant cockroach (D:1)
  4 hobgoblins
  4 jackals (D:1)
  4 kobolds
  4 quokkas
  11 ball pythons
  A bat (D:1)
  3 frilled lizards
  7 goblins
  A rat (D:3)
87 creatures vanquished.

Vanquished Creatures (others)
  5 blazeheart cores
5 creatures vanquished.

Grand Total: 148 creatures vanquished

Notes
Turn   | Place    | Note
-------+----------+-------------------------------------------
     0 | D:1      | Autsider the Octopode Summoner began the quest for the Orb.
     0 | D:1      | Reached XP level 1. HP: 11/11 MP: 3/3
   270 | D:1      | Reached XP level 2. HP: 17/17 MP: 1/5
   273 | D:1      | Learned a level 2 spell: Call Imp
   495 | D:1      | Reached XP level 3. HP: 16/21 MP: 3/6
   503 | D:1      | Learned a level 3 spell: Call Canine Familiar
  1600 | D:3      | Noticed Grinder
  1600 | D:3      | Noticed Natasha
  1664 | D:3      | Reached XP level 4. HP: 23/27 MP: 5/8
  1689 | D:3      | Killed Natasha
  1690 | D:3      | Reached skill level 5 in Summonings
  1782 | D:3      | Noticed Sigmund
  1791 | D:3      | Killed Sigmund
  1792 | D:3      | Reached XP level 5. HP: 31/31 MP: 3/11
  1792 | D:3      | Reached XP level 6. HP: 36/36 MP: 3/12
  1797 | D:3      | Learned a level 4 spell: Summon Blazeheart Golem
  1841 | D:3      | Killed Grinder
  1842 | D:3      | Reached skill level 6 in Summonings
  1842 | D:3      | Reached XP level 7. HP: 41/41 MP: 1/14
  1887 | D:3      | Found a hide-covered altar of Uskayaw.
  1898 | D:3      | Noticed Natasha
  1910 | D:3      | Killed Natasha
  2008 | D:3      | Noticed Jessica
  2017 | D:3      | Killed Jessica
  2066 | D:3      | Learned a level 4 spell: Summon Lightning Spire
  2306 | D:4      | Found an iron altar of Okawaru.
  2311 | D:4      | Noticed Duvessa
  2324 | D:4      | Killed Duvessa
  2325 | D:4      | Reached skill level 5 in Spellcasting
  2339 | D:4      | Noticed Dowan
  2353 | D:4      | Killed Dowan
  2492 | D:4      | Found a blossoming altar of Fedhas.
  2492 | D:4      | Found a hazy altar of Hepliaklqana.
  2608 | D:4      | Found Imnoularo's Distillery.
  2699 | D:4      | Found a staircase to the Ecumenical Temple.
  2727 | Temple   | Entered the Ecumenical Temple
  2922 | D:5      | Entered Level 5 of the Dungeon
  2951 | D:5      | Noticed Eustachio
  3072 | D:5      | Reached XP level 8. HP: 39/46 MP: 13/15
  3153 | D:5      | Killed Eustachio
  3244 | D:5      | Reached skill level 1 in Fighting
  3244 | D:5      | Reached skill level 1 in Air Magic
  3298 | D:5      | Noticed a nameless horror
  3326 | D:5      | Killed a nameless horror
  4063 | D:6      | Noticed a rust devil
  4063 | D:6      | Noticed Edmund
  4128 | D:6      | Reached skill level 7 in Summonings
  4146 | D:6      | Reached skill level 5 in Fire Magic
  4242 | D:6      | Reached XP level 9. HP: 55/55 MP: 13/17
  4354 | D:6      | Killed Edmund
  4358 | D:6      | Reached skill level 5 in Stealth
  4390 | D:6      | Noticed a rust devil
  4410 | D:6      | Found a runed translucent gate.
  4410 | D:6      | Found a runed translucent gate.
  4411 | D:6      | Found a runed translucent gate.
  4989 | D:7      | HP: 2/53 [wight/+4 trident of freezing (1)]
  4989 | D:7      | Slain by a wight

Illustrated notes

Levels and vault maps discovered:
D:1:      heliophobic_arrival_dark_side_of_the_moon, layout_loops_ring
D:2:      layout_loops_ring
D:3:      layout_rooms, nicolae_uskayaw_suspiria,
          minmay_randomly_rotated_circles, uniq_grinder, uniq_natasha,
          uniq_sigmund, uniq_jessica
D:4:      layout_basic, chequers_temple_overflow_statue_of_worship,
          minmay_temple_entry_stoned_glass, serial_shops,
          nicolae_lakefront_shop, uniq_duvessa
D:5:      layout_gridville, uniq_eustachio
D:6:      cheibrodos_iron_armory, layout_rooms, minmay_misc_feat_square,
          hangedman_abyss_or_decor_lesser_grid, uniq_edmund
D:7:      layout_loops_ring, nemelex_xobeh_ov_fountains_minmay, enter_bailey_8
Temple:   bh_familiar_temple

Skill      XL: |  1  2  3  4  5  6  7  8  9 |
---------------+----------------------------+-----
Spellcasting   | 3 4 5 6 |  6.0
Summonings     | 5 6 7 |  7.4
Fire Magic     | 2 4 5 |  5.0
Stealth        | 4 5 |  5.5
Fighting       | 2 3 |  3.2
Air Magic      | 2 3 |  3.0
Dodging        | 3 |  3.9

Action                     |  1- 3 |  4- 6 |  7- 9 || total
---------------------------+-------+-------+-------++-------
  Melee: Unarmed           |    27 |       |       ||    27
         Constrict         |    12 |     3 |    16 ||    31
         Tentacles         |     8 |     2 |    14 ||    24
         Hand axe          |    10 |    12 |    21 ||    43
         Dagger            |       |       |    33 ||    33
   Cast: Summon Small Mamm |    13 |     7 |     1 ||    21
         Call Imp          |     6 |     5 |    11 ||    22
         Call Canine Famil |     4 |     2 |    29 ||    35
         Summon Blazeheart |       |       |     8 ||     8
         Summon Lightning  |       |       |     6 ||     6
    Use: Potion            |       |       |     1 ||     1
   Stab: Sleeping          |     6 |       |       ||     6
         Distracted        |       |       |     3 ||     3
 Armour: Skin              |    19 |     3 |    54 ||    76
  Dodge: Dodged            |    22 |    10 |    40 ||    72
  Block: Other             |       |       |    16 ||    16

Table legend: (Time is in decaauts)
 A = Elapsed time spent in this place.
 B = Non-inter-level travel time spent in this place.
 C = Inter-level travel time spent in this place.
 D = Time resting spent in this place.
 E = Time spent auto-exploring this place.
 F = Levels seen in this place.
 G = Mean time per level.
                   A        B        C        D        E       F      G
               +--------+--------+--------+--------+--------+-----+--------+
         Total |   5008 |   4655 |    353 |    544 |   2730 |   8 |  626.0 |
       Dungeon |   5006 |   4654 |    352 |    544 |   2730 |   7 |  715.1 |
        Temple |      1 |      0 |      1 |      0 |      0 |   1 |    1.0 |
               +--------+--------+--------+--------+--------+-----+--------+

Top non-repeatable levels by time:
     D:5: 1193 daAuts
     D:1: 954 daAuts
     D:4: 722 daAuts
     D:2: 685 daAuts
     D:6: 619 daAuts
     D:3: 577 daAuts
     D:7: 252 daAuts
  Temple: 1 daAuts
